AoeStats
← All Conquistadors Are BSTRD

Glade

510524928Analyzed
1v1 RM · 2d ago on Oct 1, 2026· 29m 29s· 2 players
Game mode
Random Map
Map size
Tiny (2 player)
Population
200
Speed
Normal
Resources
Standard
Victory
Conquest
Starting age
Dark Age
Ending age
Imperial Age
RankedLock teamsTeams togetherTeam positionsShared explorationLock speedFull tech treeHidden civsTurbo modeCheats
Victory
Defeat
1317
+16
🇸🇪 Aztecs · Sweden
1317
-16
All Conquistadors Are BSTRD
7:39 Loom
11:49 Feudal Age
13:03 Man-at-Arms
16:15 Horse Collar
16:33 Town Watch
22:02 Castle Age
20:58 Padded Archer Armor
20:49 Fletching
22:42 Scale Mail Armor
23:31 Long Swordsman
25:33 Squires
29:22 Arson
Fikafreak
6:59 Loom
9:19 Feudal Age
10:25 Double-Bit Axe
22:30 Castle Age
21:20 Scale Mail Armor
20:43 Man-at-Arms
23:23 Wheelbarrow
24:12 Man-at-Arms
25:25 Bow Saw
25:33 Horse Collar
26:31 Fervor
27:53 Fletching
29:29 Bodkin Arrow
Connection lost

Rejoining the realm…

Still unreachable

The connection could not be restored.

Session expired

The server has moved on; the page needs a fresh start.